 Dungeon Crawl Stone Soup version 0.21.1-1-g345015f (webtiles) character file.

877 inmateoo the Chiller (level 7, -3/84 HPs)
             Began as a Demigod Ice Elementalist on Feb 10, 2018.
             Shot with an arrow by a centaur (9 damage)
             ... on level 6 of the Dungeon.
             The game lasted 00:08:24 (5254 turns).

inmateoo the Chiller (Demigod Ice Elementalist)     Turns: 5254, Time: 00:08:25

Health: -3/84      AC: 24    Str: 11    XL:     7   Next: 46%
Magic:  11/16      EV:  2    Int: 23    God:
Gold:   344        SH:  0    Dex: 23    Spells: 0/14 levels left

rFire    . . .     SeeInvis .   l - +2 mace (crush)
rCold    . . .     Gourm    +   (no shield)
rNeg     + + +     Faith    .   (armour currently unavailable)
rPois    +         Spirit   .   (helmet currently unavailable)
rElec    .         Reflect  .   (cloak currently unavailable)
rCorr    .         Harm     .   (gloves currently unavailable)
MR       .....     NoTele   +   (boots currently unavailable)
Stlth    ++++......             A - amulet of the gourmand
HPRegen  0.24/turn              y - +1 ring of protection
MPRegen  0.15/turn              w - +2 ring of dexterity

@: agile, tree-form, hasted, very quick
A: high mp 1
a: no special abilities


You were on level 6 of the Dungeon.
You were not hungry.
You were a tree.
You visited 1 branch of the dungeon, and saw 6 of its levels.

You collected 344 gold pieces.

Inventory:

Hand Weapons
 l - a +2 mace of crushing (weapon)
 v - a +1 dagger of freezing
Armour
 a - a +0 robe (melded)
 g - a +2 cloak (melded)
 t - a +0 buckler
Jewellery
 w - a +2 ring of dexterity (right branch)
 y - a +1 ring of protection (left branch)
 A - an amulet of the gourmand (around neck)
Scrolls
 e - a scroll of enchant weapon
 k - a scroll of identify
 s - 2 scrolls of amnesia
 u - a scroll of remove curse {unknown}
 x - a scroll of random uselessness {unknown}
 B - a scroll of immolation {unknown}
Potions
 i - a potion of haste
 m - a potion of agility
 n - a potion of curing
 r - 2 potions of cancellation {unknown}
 C - a potion of brilliance {unknown}
Books
 b - a book of Frost

   Spells                             Type                      Level
   a - Freeze                         Ice                          1
   b - Throw Frost                    Conjuration/Ice              2
   c - Ozocubu's Armour               Charms/Ice                   3
   d - Throw Icicle                   Conjuration/Ice              4
   e - Summon Ice Beast               Ice/Summoning                4
Comestibles
 c - 8 rations


   Skills:
 + Level 2.6 Fighting
 + Level 3.5 Dodging
 + Level 3.5 Stealth
 * Level 4.3 Spellcasting
 - Level 0.8 Conjurations
 * Level 5.0 Ice Magic


You couldn't memorise any spells.
You knew the following spells:

 Your Spells              Type           Power        Failure   Level  Hunger
a - Freeze                Ice            ####         1%          1    None
b - Throw Frost           Conj/Ice       ###...       4%          2    None
c - Ozocubu's Armour      Chrm/Ice       ###.....     11%         3    ##.....
d - Throw Icicle          Conj/Ice       ###.....     30%         4    ####...
e - Summon Ice Beast      Ice/Summ       ###.....     34%         4    ####...


Dungeon Overview and Level Annotations

Branches:
Dungeon (6/15)             Temple (0/1) D:6


Innate Abilities, Weirdness & Mutations

You have an increased reservoir of magic. (+10% MP)


Message History

* * * LOW HITPOINT WARNING * * *
Your magical contamination has completely faded away.
Unknown command.
Casting: Throw Frost
Confirm with . or Enter, or press ? or * to list all spells.
Aiming: Throw Frost
Press: ? - help, Shift-Dir - straight line, f/p - centaur
Aim: a centaur, wielding a shortbow (moderately wounded)
The puff of frost hits the centaur.
The centaur is severely wounded.
The centaur shoots an arrow.
The arrow hits you but does no damage.
Casting: Throw Frost
Confirm with . or Enter, or press ? or * to list all spells.
Aiming: Throw Frost
Press: ? - help, Shift-Dir - straight line, f/p - centaur
Aim: a centaur, wielding a shortbow (severely wounded)
The puff of frost hits the centaur.
The centaur is almost dead.
The centaur shoots an arrow.
The arrow hits you!
You die...

*,** *,******,,.#.*,,,,,,, *,,*
*,* *,,,...,,,,,**** **,* *.#
**,**..#,,******* *,*
##.***,,*#..#*,,,,,,,* *,*
##..**,,##...********,* *,*
##...,,,*#..#,,,,* *,, *,*
*...#*####.####*,* *** *,*
**#.###.((c...##,* * ******,**
##..)(♣##(%...#,* *
,,,,,,,,###))#####........#
,,,,,,,,#..)(# #........#
,,,,,,,,#..### #.....(..#**
,,,,,,,,#..******##....c#<.,*****
<,,,,,,...,,,,,,,,.........,,,,,,
,,,,,,>..#,*******...!...##******
,,,,,....,,* *.......# *
,,,,>...8*** *,,,,,,,* *


You could see a centaur.

Vanquished Creatures
  The ghost of baljet the Chopper, an amateur HOFi (D:3)
  A phantom (D:4)
  A bullfrog (D:6)
  A hound (D:4)
  A bullfrog skeleton (D:5)
  5 orc wizards
  2 orc priests (D:5)
  A gnoll shaman (D:4)
  A worker ant (D:2)
  A hound skeleton (D:4)
  7 gnolls
  6 adders
  A shadow imp (D:5)
  4 oozes
  An adder zombie (D:5)
  9 worms
  2 dart slugs (D:1)
  4 leopard geckos
  14 orcs
  3 ball pythons
  4 giant cockroaches
  6 goblins
  4 hobgoblins
  10 jackals
  8 kobolds
  6 quokkas
  5 bats
  10 frilled lizards
  A giant cockroach zombie (D:5)
  A leopard gecko zombie (D:5)
  2 quokka skeletons
  16 rats
139 creatures vanquished.

Notes
Turn   | Place    | Note
-------+----------+-------------------------------------------
     0 | D:1      | inmateoo the Demigod Ice Elementalist began the quest for the Orb.
     0 | D:1      | Reached XP level 1. HP: 14/14 MP: 5/5
   241 | D:1      | Reached XP level 2. HP: 18/22 MP: 1/7
   450 | D:1      | Reached skill level 3 in Ice Magic
   740 | D:2      | Learned a level 2 spell: Throw Frost
   800 | D:2      | Reached XP level 3. HP: 23/27 MP: 0/9
   927 | D:2      | Reached skill level 1 in Fighting
  1191 | D:2      | Reached XP level 4. HP: 25/35 MP: 5/10
  1826 | D:2      | Found a glowing golden altar of the Shining One.
  2113 | D:3      | Learned a level 3 spell: Ozocubu's Armour
  2363 | D:3      | Reached XP level 5. HP: 39/40 MP: 7/12
  2458 | D:3      | Noticed baljet's ghost (amateur HOFi)
  2502 | D:3      | Killed baljet's ghost
  2976 | D:3      | Reached skill level 4 in Ice Magic
  2978 | D:3      | Reached XP level 6. HP: 31/48 MP: 8/14
  3085 | D:3      | Learned a level 4 spell: Throw Icicle
  3396 | D:4      | Found a glowing golden altar of the Shining One.
  3990 | D:5      | Entered Level 5 of the Dungeon
  4644 | D:5      | Reached XP level 7. HP: 41/55 MP: 11/16
  4931 | D:5      | Learned a level 4 spell: Summon Ice Beast
  5028 | D:5      | Found a deep blue altar of Sif Muna.
  5236 | D:6      | Reached skill level 5 in Ice Magic
  5254 | D:6      | Shot with an arrow by a centaur

Skill      XL: |  1  2  3  4  5  6  7 |
---------------+----------------------+-----
Spellcasting   | 2 3 4 |  4.3
Stealth        | 2 3 |  3.5
Ice Magic      | 3 4 5 |  5.0
Dodging        | 2 3 |  3.5
Fighting       | 1 2 |  2.6
Conjurations   | |  0.8

Action                   |  1- 3 |  4- 6 |  7- 9 || total
-------------------------+-------+-------+-------++-------
Melee: Whip              |    13 |       |       ||    13
       Mace              |    22 |    97 |    55 ||   174
 Cast: Freeze            |    62 |   107 |    36 ||   205
       Ozocubu's Armour  |       |     2 |     3 ||     5
       Throw Frost       |       |     1 |     3 ||     4
  Use: Scroll            |       |       |     8 ||     8
       Potion            |       |       |     5 ||     5
 Stab: Sleeping          |       |     9 |     3 ||    12
  Eat: Chunk             |     1 |    11 |     3 ||    15
Armor: Robe              |    19 |    51 |    28 ||    98
       Skin              |       |       |     2 ||     2
Dodge: Dodged            |    47 |   126 |    67 ||   240
